Map: Divergencia EE

Players

ItsJustMatt

  • Race: Terran Terran
  • Spawn Location: 5:00

Cryptic

  • Race: Zerg Zerg
  • Spawn Location: 5:00

MrFercho - Winner!

  • Race: Zerg Zerg
  • League: Silver
  • Spawn Location: 11:00

tigro - Winner!

  • Race: Terran Terran
  • League: Bronze
  • Spawn Location: 11:00

VOD

Have the link to the VOD?

Description

Time

  • Played on: June 12, 2020, 10:07 p.m.
  • Length: 13:10
Show
View Real Time Build Order
Export as new Build Order

ItsJustMatt Terran 

Build Orders:  

Get SALT Encoding   

  12  0:01  SCV  
  13  0:13  SCV  
  14  0:23  Supply Depot  
  14  0:26  SCV  
  15  0:35  Refinery  
  15  0:45  SCV  
  15  0:46  Barracks  
  16  0:57  SCV  
  17  1:09  Refinery, SCV  
  18  1:16  Supply Depot  
  18  1:21  SCV  
  19  1:35  Reaper  
  19  1:36  SCV  
  21  1:51  SCV  
  22  2:01  Factory  
  22  2:03  SCV  
  23  2:10  Supply Depot  
  23  2:12  Reaper  
  23  2:15  SCV  
  25  2:27  SCV  
  26  2:30  Barracks  
  26  2:58  SCV  
  27  2:59  Marine  
  28  3:28  Reaper, SCV  
  29  3:45  SCV  
  29  3:51  Factory Tech Lab  
  29  3:57  Factory Reactor  
  29  3:58  Starport  
  30  4:04  Supply Depot  
  30  4:07  Orbital Command  
  29  4:17  Barracks Reactor  
  29  4:18  Barracks Tech Lab  
  29  4:37  SCV  
  30  4:49  SCV  
  31  4:53  Medivac  
  31  4:55  Widow Mine x2  
  31  4:56  Command Center, Marine x2  
  31  4:58  Marauder, Stimpack  
  40  5:30  SCV  
  40  5:31  Marine  
  40  5:32  Marine  
  40  5:33  Marauder  
  45  5:48  Factory Tech Lab  
  45  5:52  Medivac  
  47  5:57  Supply Depot  
  47  6:00  Supply Depot  
  47  6:05  Orbital Command  
  47  6:07  Medivac, Marine x2  
  51  6:41  SCV  
  52  6:51  Medivac x2, Siege Tank  
  52  6:52  Marine x2  
  52  6:53  Marauder, SCV  
  64  6:57  Combat Shield  
  64  6:58  Supply Depot  
  60  7:30  SCV  
  60  7:31  Marine x2  
  60  7:32  Marauder  
  65  8:15  SCV x2  
  67  8:49  Command Center  
  65  9:05  SCV x2  
  65  9:06  Marine x2  
  65  9:07  Marauder  
  51  9:29  Marine x2  
  51  9:30  Marine  
  54  9:32  Medivac x2  
  54  9:33  Siege Tank  
  54  9:36  Supply Depot  
  61  9:45  Barracks  
  61  9:47  Barracks x2  
  61  9:48  Marauder  
  61  9:50  Barracks, Refinery  
  63  9:53  Refinery  
  63  9:56  Orbital Command  
  63  10:05  Orbital Command  
  63  10:09  SCV  
  63  10:10  Marine  
  63  10:11  Marine  
  63  10:12  Marauder  
  63  10:13  Concussive Shells  
  68  10:21  SCV  
  69  10:30  Siege Tank  
  69  10:31  Medivac x2  
  76  10:46  SCV  
  76  10:47  SCV x2  
  79  10:51  Marine  
  79  10:52  Barracks Reactor, Marine  
  79  10:53  Barracks Reactor  
  79  10:54  Barracks Reactor  
  79  10:55  Barracks Tech Lab  
  79  10:56  Marauder  
  83  11:01  Medivac x2  
  83  11:02  Siege Tank  
  90  11:09  Supply Depot  
  90  11:10  Supply Depot x2  
  90  11:14  SCV x3  
  90  11:15  Marine x2  
  90  11:16  Marauder  
  97  11:31  Engineering Bay  
  97  11:34  Engineering Bay, SCV x3  
  97  11:35  Marine x4  
  97  11:36  Marine x2  
  97  11:37  Marine x2  
  97  11:38  Marauder x2  
  112  12:19  Marine x2  
  112  12:20  Marine x5  
  112  12:21  Marine  
  112  12:22  Marauder x2  
  94  12:38  Marine x3  
  94  12:39  Marine  
  94  12:43  Marauder, Marine  
Show
View Real Time Build Order
Export as new Build Order

Cryptic Zerg 

Build Orders: Pool First 

Get SALT Encoding   

  12  0:24  Spawning Pool  
  12  0:25  Drone  
  12  0:27  Drone  
  13  0:33  Extractor  
  12  0:38  Extractor  
  11  0:43  Drone x2  
  13  1:05  Drone  
  13  1:07  Overlord  
  14  1:36  Roach Warren  
  13  1:45  Zergling x2  
  13  1:46  Zergling x4  
  16  2:15  Zergling x4  
  15  4:09  Zergling x6  
  18  4:35  Lair  
  18  4:54  Zergling x4  
  18  4:55  Zergling x2  
  21  5:20  Spore Crawler  
  21  5:30  Spine Crawler  
  20  5:40  Spine Crawler  
  19  5:43  Spine Crawler  
  18  6:04  Drone x3  
  21  6:23  Nydus Network  
  20  6:47  Infestation Pit  
  20  6:49  Drone  
  20  6:50  Drone x2  
  22  7:18  Overlord x2  
  22  8:07  Swarm Host x2  
  22  8:08  Swarm Host  
  31  8:32  Hatchery  
  30  9:17  Queen  
  30  9:23  Drone x3  
  35  9:49  Hydralisk Den, Drone  
  35  9:52  Pneumatized Carapace  
  35  10:11  Drone x2  
  37  10:34  Drone x2  
  39  10:42  Hive  
  39  10:47  Hydralisk  
  39  10:48  Roach  
  43  10:50  Overlord  
  43  10:54  Drone  
  43  10:56  Overlord  
  44  11:15  Hydralisk x2  
  48  11:24  Ravager  
  49  11:39  Lurker Den  
Show
View Real Time Build Order
Export as new Build Order

MrFercho Zerg - Winner!

Build Orders: Hatch First 

Get SALT Encoding   

  12  0:01  Drone  
  13  0:14  Overlord  
  13  0:32  Drone  
  13  0:34  Drone x2  
  16  0:56  Drone  
  17  1:02  Drone  
  18  1:04  Hatchery  
  17  1:15  Spawning Pool  
  16  1:21  Drone x2  
  18  1:33  Drone  
  18  1:34  Extractor  
  18  1:42  Overlord  
  18  1:51  Drone  
  19  2:00  Drone  
  20  2:02  Queen  
  22  2:12  Drone  
  22  2:15  Roach Warren  
  22  2:26  Drone x2  
  22  2:27  Queen  
  22  2:29  Drone  
  27  2:30  Drone  
  28  2:41  Drone  
  28  2:42  Drone  
  30  2:52  Spine Crawler  
  30  2:54  Spine Crawler  
  30  2:55  Drone x2  
  30  2:59  Drone  
  30  3:02  Drone  
  30  3:18  Roach x3, Spine Crawler  
  35  3:28  Spine Crawler  
  35  3:33  Drone  
  32  3:34  Roach  
  32  3:35  Roach  
  32  3:36  Overlord  
  33  3:55  Drone x7  
  38  3:58  Queen  
  42  4:08  Overlord  
  42  4:09  Drone  
  43  4:16  Drone  
  44  4:25  Queen  
  46  4:38  Lair  
  46  4:42  Roach x2  
  50  5:11  Drone x2  
  52  5:14  Overlord x2  
  52  5:15  Overlord x2  
  52  5:24  Roach  
  52  5:30  Extractor  
  52  5:33  Drone x2  
  52  5:34  Extractor, Drone x2  
  52  5:35  Drone  
  55  5:38  Ravager  
  56  5:44  Ravager  
  56  5:48  Drone x4  
  56  5:49  Drone  
  61  5:50  Drone x2  
  63  5:57  Hatchery, Evolution Chamber  
  63  6:01  Overseer  
  63  6:04  Overseer  
  61  6:13  Evolution Chamber  
  61  6:16  Hydralisk Den, Drone x6  
  65  6:28  Roach  
  65  6:29  Roach x2  
  65  6:30  Roach  
  73  6:46  Zerg Missile Weapons Level 1  
  73  6:51  Extractor  
  73  6:52  Drone x2  
  73  6:53  Drone  
  75  6:59  Drone  
  75  7:00  Drone x5  
  81  7:03  Drone  
  81  7:04  Drone x2  
  84  7:54  Drone x6  
  84  7:56  Overlord x3  
  90  8:00  Extractor  
  90  8:02  Extractor  
  90  8:04  Grooved Spines  
  88  8:09  Infestation Pit  
  87  8:15  Overlord x3  
  87  8:39  Hydralisk x11  
  109  8:55  Hydralisk x5  
  113  9:16  Muscular Augments  
  104  9:21  Hydralisk x11  
  116  9:37  Hydralisk x7  
  130  9:40  Overlord x3  
  130  9:54  Overlord x2  
  130  9:55  Overlord x6  
  130  10:07  Drone x4  
  134  10:39  Zerg Missile Weapons Level 2  
  134  10:40  Zerg Ground Armor Level 1  
  134  10:45  Hive  
  134  10:46  Glial Reconstitution  
  134  10:54  Spore Crawler  
  133  11:00  Spine Crawler  
  132  11:11  Spore Crawler  
  132  11:13  Hydralisk x8  
  132  11:14  Hydralisk x13  
  132  11:16  Spine Crawler x2  
  171  11:22  Hatchery  
  170  11:38  Drone x9  
  179  11:43  Extractor  
  179  11:45  Extractor  
  169  12:31  Hydralisk x2  
  169  12:32  Hydralisk x2  
  169  12:38  Drone x16  
Show
View Real Time Build Order
Export as new Build Order

tigro Terran - Winner!

Build Orders:  

Get SALT Encoding   

  12  0:02  SCV  
  13  0:16  SCV  
  14  0:29  SCV  
  14  0:31  Supply Depot  
  15  0:36  Refinery  
  15  0:53  SCV  
  16  1:01  Barracks  
  16  1:05  SCV  
  17  1:17  SCV  
  17  1:18  Refinery  
  18  1:29  SCV  
  18  1:31  Supply Depot  
  19  1:41  SCV  
  20  1:49  Marine  
  20  1:54  SCV  
  22  1:58  Barracks  
  22  2:07  Marine  
  22  2:08  SCV  
  24  2:13  Engineering Bay  
  24  2:25  Marine  
  25  2:43  Marine  
  25  2:48  Factory  
  25  2:53  Barracks Tech Lab  
  25  3:01  Marine, Terran Infantry Weapons Level 1  
  24  3:21  Marine x2  
  25  3:39  Marine x2  
  26  3:57  Combat Shield, Marine x2  
  28  4:04  Factory Tech Lab  
  28  4:15  Marine x2  
  30  4:32  Marine  
  31  4:44  Orbital Command  
  31  4:55  Terran Infantry Armor Level 1  
  31  5:08  Barracks Tech Lab  
  31  5:16  Stimpack  
  31  5:33  Concussive Shells  
  31  5:47  Starport  
  31  6:04  Marine  
  32  6:12  Command Center  
  32  6:19  Siege Tank  
  35  6:36  Medivac  
  37  6:49  Neosteel Armor  
  37  6:57  Missile Turret  
  31  7:20  Missile Turret  
  30  7:47  SCV  
  31  7:59  SCV  
  32  8:11  SCV  
  33  8:20  Missile Turret  
  33  8:22  Refinery  
  33  8:24  SCV  
  33  8:25  Starport Tech Lab  
  34  8:29  Hi-Sec Auto Tracking  
  34  8:36  SCV  
  35  8:42  Missile Turret  
  35  8:43  Refinery  
  35  8:48  SCV  
  36  8:55  Siege Tank  
  36  9:00  SCV  
  37  9:05  Missile Turret  
  25  9:26  Missile Turret  
  25  9:27  Siege Tank  
  28  9:41  Barracks Tech Lab  
  28  9:44  Barracks Tech Lab  
  28  9:59  Siege Tank  
  31  10:11  Marine x2  
  33  10:17  Missile Turret  
  33  10:29  Marine x2  
  33  10:32  Siege Tank  
  38  10:38  Missile Turret  
  38  10:47  Marine x2  
  40  11:01  Missile Turret  
  40  11:05  Marine x2  
  42  11:11  Medivac  
  42  11:17  SCV  
  45  11:22  Marine x2  
  47  11:29  SCV  
  48  11:41  Medivac, SCV  
  48  11:43  Missile Turret  
  51  11:52  Fusion Core  
  51  11:53  SCV  
  52  11:55  Marine  
  52  11:56  Marine  
  54  12:04  Missile Turret  
  54  12:05  SCV  
  55  12:11  Medivac  
  55  12:13  Marine x2  
  55  12:14  Supply Depot  
  59  12:25  Missile Turret  
  59  12:31  Marine x2  
  51  12:38  Supply Depot  
  51  12:49  Marine x2  
  53  12:58  Missile Turret  
Tags
 
Add a new tag
Caveats
  • Supply blocks, unpowered buildings, or Contaminate may cause inaccurate times.
  • Supply counts are checked every 10 seconds.